 Dungeon Crawl Stone Soup version 0.29.1-13-g9f3cf754e1 (webtiles) character file.

Game seed: 5483478040007876939

178 hbarley the Chopper (level 5, -6/46 HPs)
             Began as a Hill Orc Fighter on Jan 30, 2023.
             Mangled by Crazy Yiuf
             ... wielding a +3 quarterstaff of chaos
              (10 damage)
             ... while paralysed by Crazy Yiuf
             ... on level 3 of the Dungeon.
             The game lasted 00:09:32 (3252 turns).

hbarley the Chopper (Hill Orc Fighter)              Turns: 3252, Time: 00:09:33

Health: -6/46      AC:  9    Str: 21    XL:     5   Next: 58%
Magic:  5/5        EV:  2    Int:  8    God:
Gold:   172        SH:  0    Dex: 10    Spells: 4/4 levels left

rFire   . . .      SeeInvis .   a - +0 war axe
rCold   . . .      Faith    .   c - +0 buckler
rNeg    . . .      Spirit   .   e - +0 chain mail
rPois   .          Reflect  .   (no helmet)
rElec   .          Harm     .   (no cloak)
rCorr   .          Rampage  .   (no gloves)
Will    .....                   (no boots)
Stlth   ..........              (no amulet)
HPRegen 0.15/turn               g - +4 ring of evasion
MPRegen 0.09/turn               (no ring)

@: paralysed, invisible
A: no striking features
a: no special abilities


You were on level 3 of the Dungeon.
You visited 1 branch of the dungeon, and saw 3 of its levels.

You collected 172 gold pieces.

Inventory:

Hand Weapons
 a - a +0 war axe (weapon)
Armour
 b - a +0 scale mail
 c - a +0 buckler (worn)
 e - a +0 chain mail (worn)
Jewellery
 g - a +4 ring of evasion (left hand)
 i - a +6 ring of dexterity
 o - an amulet of magic regeneration
Scrolls
 f - a scroll of fog {unknown}
 j - a scroll of identify {unknown}
 n - a scroll of silence {unknown}
 r - a scroll of summoning {unknown}
Potions
 d - a potion of might
 h - a potion of haste {unknown}
 k - a potion of resistance {unknown}
 l - a potion of curing
 m - a potion of ambrosia {unknown}
 p - a potion of attraction {unknown}
 q - a potion of heal wounds {unknown}
 s - a potion of invisibility {unknown}


   Skills:
 + Level 4.2 Fighting
 + Level 5.3 Axes
 + Level 4.2 Armour
 + Level 0.8 Dodging
 + Level 0.6 Stealth
 + Level 3.7 Shields


You had 4 spell levels left.
You didn't know any spells.
Your spell library contained the following spells:

 Spells                   Type           Power      Damage    Failure   Level
 Gell's Gravitas          Tloc           0%         N/A       100%        3
 Teleport Other           Tloc           0%         N/A       100%        3
 Dispersal                Tloc           0%         N/A       100%        6


Dungeon Overview and Level Annotations

Branches:
Dungeon (3/15)

Altars:
Dithmenos
Nemelex Xobeh
Wu Jian
The Shining One

Annotations:
D:3 Crazy Yiuf


Message History

You open the door.
Found a sparkling altar of Nemelex Xobeh.
There is an open door here.
There is a shaft here.
You open the door.
There is an open door here.
Things that are here:
a +0 whip; 5 stones
Items here: ))))) [[.
You see here a +0 club.
Things that are here:
a +0 club; a +0 spear
Things that are here:
a +0 whip; a +0 club; a +0 halberd You see here a quokka skeleton.
Crazy Yiuf shouts!
You open the door. You slash Crazy Yiuf!
Crazy Yiuf is heavily wounded.
Crazy Yiuf screams, "Liver sing-song action!"
Crazy Yiuf drinks a potion.
Crazy Yiuf is healed!
You hit Crazy Yiuf.
Crazy Yiuf is lightly wounded.
Crazy Yiuf hits you with a +3 quarterstaff of chaos!
Crazy Yiuf burns you.
Crazy Yiuf hits you with a +3 quarterstaff of chaos.
You suddenly lose the ability to move!
Crazy Yiuf waves his quarterstaff at you.
Crazy Yiuf hits you with a +3 quarterstaff of chaos.
Crazy Yiuf burns you.
Crazy Yiuf hits you with a +3 quarterstaff of chaos.
* * * LOW HITPOINT WARNING * * *
You fade into invisibility!
Crazy Yiuf sings, "Trees, trees, trees, circus!"
Crazy Yiuf hits you with a +3 quarterstaff of chaos.
* * * LOW HITPOINT WARNING * * *
Crazy Yiuf freezes you.
* * * LOW HITPOINT WARNING * * *
Crazy Yiuf hits you with a +3 quarterstaff of chaos!
You die...

.....###
####.##.#...#
...#...#####
#....#.##...
...#.......#
#......##...
####....####
###...###...
#....# #...###...
###..# #....##...
#..#### ###
#....##...
#.....## ###..)#
#....##...
#......####@g...#
#......###
##......#..##...#
#......###
##....#.### ###
#........#
########
#.#.#.##.#
#.#......#
#>###.....
####(.....
#..#... #......


You could see Crazy Yiuf (unable to see you).

Vanquished Creatures
  An orc wizard (D:3)
  6 gnolls (D:3)
  An adder (D:2)
  A worm (D:2)
  3 dart slugs (D:2)
  4 orcs (D:3)
  8 bats
  10 endoplasms
  A giant cockroach (D:1)
  5 hobgoblins
  2 jackals (D:2)
  9 kobolds
  2 quokkas
  7 ball pythons
  A frilled lizard (D:2)
  4 goblins
  7 rats
72 creatures vanquished.

Vanquished Creatures (others)
  A fungus (D:3)
1 creature vanquished.

Grand Total: 73 creatures vanquished

Notes
Turn   | Place    | Note
-------+----------+-------------------------------------------
     0 | D:1      | hbarley the Hill Orc Fighter began the quest for the Orb.
     0 | D:1      | Reached XP level 1. HP: 19/19 MP: 1/1
   358 | D:1      | Reached XP level 2. HP: 27/27 MP: 2/2
   603 | D:1      | Reached skill level 3 in Axes
   650 | D:1      | Reached XP level 3. HP: 23/33 MP: 3/3
  1477 | D:2      | Reached skill level 4 in Axes
  1477 | D:2      | Reached XP level 4. HP: 40/40 MP: 4/4
  2218 | D:3      | Reached XP level 5. HP: 24/46 MP: 5/5
  2226 | D:3      | Reached skill level 5 in Axes
  2386 | D:3      | Found a shadowy altar of Dithmenos.
  2394 | D:3      | Found a glowing golden altar of the Shining One.
  2510 | D:3      | Found a faded altar of an unknown god.
  2631 | D:3      | Found an ornate altar of the Wu Jian Council.
  3035 | D:3      | Found a runed translucent door.
  3036 | D:3      | Noticed Crazy Yiuf
  3138 | D:3      | Found a sparkling altar of Nemelex Xobeh.
  3248 | D:3      | Paralysed by Crazy Yiuf for 5 turns
  3252 | D:3      | Mangled by Crazy Yiuf

Illustrated notes

Levels and vault maps discovered:
D:1:      elethiomel_arrival_infinity_welcomes_careful_drivers, layout_rooms,
          minmay_fountain_box
D:2:      layout_basic
D:3:      layout_basic, mainiacjoe_overflow_boulevard,
          nemelex_spade_bored_becter, mainiacjoe_overflow_concentric_impassable,
          mainiacjoe_overflow_catwalk, chequers_ecumenical_altar_simple_redux,
          uniq_crazy_yiuf_cottage

Skill      XL: |  1  2  3  4  5 |
---------------+----------------+-----
Axes           | 3 4 5 |  5.3
Fighting       | 4 |  4.2
Armour         | 4 |  4.2
Dodging        | |  0.8
Stealth        | |  0.6
Shields        | |  3.7

Action                   |  1- 3 |  4- 6 || total
-------------------------+-------+-------++-------
Melee: War axe           |   115 |   113 ||   228
Armor: Chain mail        |    62 |    52 ||   114
       Scale mail        |     2 |       ||     2
Dodge: Dodged            |    74 |    77 ||   151
Block: Buckler           |    34 |    20 ||    54
